 Dungeon Crawl Stone Soup version 0.28.0-45-g0d030f2227 (webtiles) character file.

Game seed: 15617432286501637777

1738 mortz the Zephyrmancer (level 8, -1/41 HPs)
             Began as a Deep Elf Air Elementalist on Apr 10, 2022.
             Slain by a vampire mosquito (6 damage)
             ... on level 6 of the Dungeon.
             The game lasted 00:35:52 (7031 turns).

mortz the Zephyrmancer (Deep Elf Air Elementalist)  Turns: 7031, Time: 00:35:53

Health: -1/41      AC: 13    Str:  5    XL:     8   Next: 77%
Magic:  8/21       EV: 12    Int: 23    God:
Gold:   257        SH:  0    Dex: 15    Spells: 11/22 levels left

rFire   + + .      SeeInvis .   p - +2 mace (protect) {mace}
rCold   x . .      Faith    .   (no shield)
rNeg    + . .      Spirit   .   f - +0 leather armour
rPois   .          Reflect  .   m - +2 helmet of Beyond {rF+ rC- rN+}
rElec   .          Harm     .   (no cloak)
rCorr   .          Rampage  .   K - +2 pair of gloves
Will    .....                   (no boots)
Stlth   ++........              (no amulet)
HPRegen 0.13/turn               e - ring of protection from fire
MPRegen 0.17/turn               s - +4 ring of protection

@: no status effects
A: no striking features
a: no special abilities


You were on level 6 of the Dungeon.
You visited 1 branch of the dungeon, and saw 7 of its levels.

You collected 257 gold pieces.


   Skills:
 + Level 1.3 Armour
 + Level 3.3 Dodging
 + Level 3.8 Stealth
 + Level 7.7 Spellcasting
 + Level 5.9 Conjurations
 * Level 8.0 Air Magic


You had 11 spell levels left.
You knew the following spells:

 Your Spells              Type           Power      Damage    Failure   Level
a - Shock                 Conj/Air       100%       1d9       1%          1
b - Static Discharge      Conj/Air       41%        N/A       1%          2
c - Swiftness             Air            45%        N/A       1%          3
d - Airstrike             Air            22%        N/A       4%          4
e - Apportation           Tloc           16%        N/A       12%         1

Your spell library contained the following spells:

 Spells                   Type           Power      Damage    Failure   Level
 Animate Skeleton         Necr           16%        N/A       12%         1
 Summon Small Mammal      Summ           32%        N/A       12%         1

Inventory:

Hand Weapons
 d - a +0 club {mace}
   (You took it off a goblin on level 1 of the Dungeon)
 i - a +0 long sword {long}
   (You found it on level 2 of the Dungeon)
 p - a +2 mace of protection (weapon) {mace}
   (You took it off an orc on level 3 of the Dungeon)
 w - a +0 trident {polearm}
   (You took it off an orc on level 4 of the Dungeon)
 x - a +0 war axe {axe}
   (You took it off an orc on level 4 of the Dungeon)
 A - a +1 short sword of draining {short}
   (You took it off an orc on level 4 of the Dungeon)
 H - a +0 scimitar {long}
   (You took it off a wight on level 6 of the Dungeon)
 L - a +1 dagger of freezing {short}
   (You took it off Dowan on level 6 of the Dungeon)
 M - a +0 short sword of speed {short}
   (You took it off Duvessa on level 6 of the Dungeon)
Missiles
 c - 183 stones {throwing}
 g - 129 arrows
 q - 18 sling bullets
 y - 72 bolts
 C - a throwing net {=f!fthrowing}
Armour
 a - a +0 robe
 f - a +0 leather armour (worn)
   (You found it on level 2 of the Dungeon)
 m - the +2 helmet of Beyond (worn) {rF+ rC- rN+}
   (You took it off Robin on level 2 of the Dungeon)

   rF:        It protects you from fire.
   rC:        It makes you vulnerable to cold.
   rN:        It protects you from negative energy.
 o - a +1 helmet
   (You found it on level 2 of the Dungeon)
 K - a +2 pair of gloves (worn)
   (You found it on level 6 of the Dungeon)
Jewellery
 e - a ring of protection from fire (left hand)
   (You found it on level 3 of the Dungeon)
 j - a ring of poison resistance
   (You found it on level 2 of the Dungeon)
 s - a +4 ring of protection (right hand)
   (You found it on level 3 of the Dungeon)
Wands
 E - a wand of charming (10)
   (You found it on level 5 of the Dungeon)
 F - a wand of digging (4)
   (You found it on level 6 of the Dungeon)
 I - a wand of iceblast (9)
   (You found it on level 6 of the Dungeon)
Scrolls
 n - 2 scrolls of enchant armour {unknown}
 r - a scroll of noise {unknown}
 u - 2 scrolls of identify {@r1}
 v - a scroll of amnesia {unknown}
 z - a scroll of silence {unknown}
 B - a scroll of summoning
 D - a scroll of teleportation {@r4}
Potions
 b - 2 potions of curing {@q1}
 h - 2 potions of cancellation
 t - 2 potions of brilliance
 G - a potion of haste {unknown}
 J - a potion of heal wounds {unknown}

Dungeon Overview and Level Annotations

Branches:
Dungeon (7/15)
 Temple: D:4-7

Altars:
Dithmenos
Wu Jian
The Shining One

Shops:
D:6 :

Annotations:
D:2 1 runed translucent door, Crazy Yiuf
D:4 1 runed translucent door, Antichthon's ghost, amateur NaWr
D:6 Maggie
D:7 Prince Ribbit

.#.#............#..........#
.#.#..........#.#.########.#
.#.#..........#.#.# #.#
.#......#######.#.# #.#
.###.##.........#.# #.#
.#<#.############.# #.#
.#.#.##...........# #.#
.#...##.##################.#
................@y.........#
.................###########
.######..........# .#
#..........# .# #..........#
.# #..........# .#
############ .# .#


You could see a vampire mosquito.


Message History

A centaur comes into view.
It is wielding a +0 long sword. 😎 MP[+2]
You regained 2 mp, and now have 18/21 mp.
Aiming: Shock (safe; 1% risk of failure)
Press: ? - help, Q - select action, (/) - cycle Shift-Dir - straight line, f - centaur
Aim: a centaur, wielding a +0 long sword and quivering arrows (wandering, hasn't noticed you, 84% to hit)
The zap hits the centaur.
The centaur shouts!
The centaur unwields a +0 long sword.
The centaur wields a +0 shortbow.
The centaur shoots an arrow.
The arrow hits you. 😕 HP[-2]
You take 2 damage, and now have 39/41 hp.
Aiming: Shock (safe; 1% risk of failure)
Press: ? - help, Q - select action, (/) - cycle Shift-Dir - straight line, f/p - centaur
Aim: a centaur, wielding a +0 shortbow and quivering arrows (lightly wounded, 84% to hit)
The zap hits the centaur.
The centaur shoots an arrow.
The arrow hits you. 😕 HP[-5] MP[-1]
You take 5 damage, and now have 34/41 hp.
You lost 1 mp, and now have 17/21 mp.
Aiming: Shock (safe; 1% risk of failure)
Press: ? - help, Q - select action, (/) - cycle Shift-Dir - straight line, f/p - centaur
Aim: a centaur, wielding a +0 shortbow and quivering arrows (moderately wounded, 84% to hit)
The zap hits the centaur!
The centaur shoots an arrow.
The arrow hits you!
The centaur drinks a potion.
The centaur is healed! 😮 HP[-7] MP[-1]
You take 7 damage, and now have 27/41 hp.
You lost 1 mp, and now have 16/21 mp.
Aiming: Shock (safe; 1% risk of failure)
Press: ? - help, Q - select action, (/) - cycle Shift-Dir - straight line, f/p - centaur
Aim: a centaur, wielding a +0 shortbow and quivering arrows (moderately wounded, 84% to hit)
The zap misses the centaur.
The centaur shoots an arrow.
The arrow hits you.
A vampire mosquito comes into view. 😮 HP[-2] MP[-1]
You take 2 damage, and now have 25/41 hp.
You lost 1 mp, and now have 15/21 mp.
Aiming: Shock (safe; 1% risk of failure)
Press: ? - help, Q - select action, (/) - cycle Shift-Dir - straight line, f/p - centaur
Aim: a centaur, wielding a +0 shortbow and quivering arrows (moderately wounded, 84% to hit)
The zap misses the centaur.
The zap misses the vampire mosquito.
The centaur shoots an arrow.
The arrow hits you. 😮 HP[-1] MP[-1]
You take 1 damage, and now have 24/41 hp.
You lost 1 mp, and now have 14/21 mp.
Aiming: Shock (safe; 1% risk of failure)
Press: ? - help, Q - select action, (/) - cycle Shift-Dir - straight line, f/p - centaur
Aim: a centaur, wielding a +0 shortbow and quivering arrows (moderately wounded, 84% to hit)
The zap misses the centaur.
The zap hits the centaur. 😮 MP[-1]
You lost 1 mp, and now have 13/21 mp.
Aiming: Shock (safe; 1% risk of failure)
Press: ? - help, Q - select action, (/) - cycle Shift-Dir - straight line, f/p - centaur
Aim: a centaur, wielding a +0 shortbow and quivering arrows (severely wounded, 84% to hit)
The zap hits the centaur.
The centaur shoots an arrow.
The arrow barely misses you.
The centaur shoots an arrow.
The arrow closely misses you. The vampire mosquito bites you.
* * * LOW HITPOINT WARNING * * *
The vampire mosquito draws strength from your injuries!
The centaur drinks a potion.
The centaur is healed!
The vampire mosquito barely misses you.
You climb upwards.
Level annotation: Maggie
There is a stone staircase leading down here. 😨 HP[-4]
You take 4 damage, and now have 20/41 hp.
Casting: Shock (safe; 1% risk of failure)
Confirm with . or Enter, or press ? or * to list all spells.
The vampire mosquito is struck by an arc of lightning.
You are struck by an arc of lightning.
* * * LOW HITPOINT WARNING * * *
The vampire mosquito is struck by an arc of lightning!
The lightning grounds out.
The vampire mosquito bites you.
* * * LOW HITPOINT WARNING * * *
The vampire mosquito draws strength from your injuries! 😨 HP[-5] MP[-2]
You take 5 damage, and now have 15/41 hp.
You lost 2 mp, and now have 11/21 mp.
Casting: Static Discharge (safe; 1% risk of failure)
Confirm with . or Enter, or press ? or * to list all spells.
The vampire mosquito is struck by an arc of lightning.
The lightning grounds out.
The vampire mosquito bites you.
* * * LOW HITPOINT WARNING * * *
The vampire mosquito draws strength from your injuries!
The vampire mosquito bites you.
* * * LOW HITPOINT WARNING * * *
😱 HP[-7] MP[-2]
You take 7 damage, and now have 8/41 hp.
You lost 2 mp, and now have 9/21 mp.
Casting: Static Discharge (safe; 1% risk of failure)
Confirm with . or Enter, or press ? or * to list all spells.
The vampire mosquito is struck by an arc of lightning!
You are struck by an arc of lightning.
* * * LOW HITPOINT WARNING * * *
The lightning grounds out.
The vampire mosquito barely misses you. The vampire mosquito bites you.
You die...

Skill      XL: |  1  2  3  4  5  6  7  8 |
---------------+-------------------------+-----
Conjurations   | 2 3 4 5 |  5.9
Spellcasting   | 4 5 6 7 |  7.7
Air Magic      | 4 5 6 8 |  8.0
Stealth        | 3 |  3.8
Dodging        | 3 |  3.3
Armour         | 1 |  1.3

Action                   |  1- 3 |  4- 6 |  7- 9 || total
-------------------------+-------+-------+-------++-------
 Cast: Shock             |    78 |    75 |   103 ||   256
       Static Discharge  |     7 |    12 |    27 ||    46
  Use: Scroll            |     2 |     3 |       ||     5
Armor: Robe              |     2 |       |       ||     2
       Leather armour    |       |    12 |     6 ||    18
Dodge: Dodged            |     5 |     9 |    11 ||    25

Levels and vault maps discovered:
D:1:      dpeg_arrival_arbitrary_a, layout_rooms,
          shapermc_ecumenical_altar_hornbeckon
D:2:      layout_loops_ring, basic_altar, minmay_misc_feat_tiny,
          uniq_crazy_yiuf_cottage, uniq_robin
D:3:      layout_basic
D:4:      layout_basic, ebering_ghost_inner_flame
D:5:      layout_basic, mainiacjoe_overflow_small_starburst,
          lemuel_crystal_altar, minmay_fractal_squares_diagonal_5
D:6:      layout_basic, serial_shops, shop, uniq_maggie, uniq_duvessa
D:7:      layout_rooms, minmay_temple_entry_antechambers, uniq_prince_ribbit1

Notes
Turn   | Place    | Note
-------+----------+-------------------------------------------
     0 | D:1      | mortz the Deep Elf Air Elementalist began the quest for the
                  | Orb.
     0 | D:1      | Reached XP level 1. HP: 10/10 MP: 6/6
     0 | D:1      | magus.rc [v1.9.6]
   366 | D:1      | Reached XP level 2. HP: 15/15 MP: 4/8
   369 | D:1      | Learned a level 2 spell: Static Discharge
   413 | D:1      | Found a faded altar of an unknown god.
  1243 | D:2      | Reached XP level 3. HP: 16/19 MP: 6/10
  1314 | D:2      | Found a runed translucent door.
  1315 | D:2      | Noticed Crazy Yiuf
  1383 | D:2      | Identified the +2 helmet of Beyond {rF+ rC- rN+}
  1383 | D:2      | Noticed Robin
  1395 | D:2      | Killed Robin
  1396 | D:2      | Reached skill level 2 in Conjurations
  1773 | D:2      | Found a shadowy altar of Dithmenos.
  2091 | D:3      | Reached skill level 4 in Spellcasting
  2260 | D:3      | Reached XP level 4. HP: 24/24 MP: 8/12
  2650 | D:3      | Reached skill level 4 in Air Magic
  2985 | D:4      | Learned a level 3 spell: Swiftness
  2990 | D:4      | Learned a level 4 spell: Airstrike
  3113 | D:4      | Reached XP level 5. HP: 28/28 MP: 4/13
  3193 | D:4      | Reached skill level 3 in Stealth
  3368 | D:4      | Reached skill level 3 in Conjurations
  3369 | D:4      | Reached XP level 6. HP: 19/32 MP: 6/15
  3370 | D:4      | Reached skill level 5 in Air Magic
  3707 | D:4      | Found a runed translucent door.
  3707 | D:4      | Noticed Antichthon's ghost (amateur NaWr)
  3785 | D:4      | Reached skill level 5 in Spellcasting
  4374 | D:5      | Entered Level 5 of the Dungeon
  4401 | D:5      | Reached XP level 7. HP: 32/36 MP: 10/17
  4654 | D:5      | Reached skill level 3 in Dodging
  4711 | D:5      | Found an ornate altar of the Wu Jian Council.
  4752 | D:5      | Found a glowing golden altar of the Shining One.
  4770 | D:5      | Reached skill level 6 in Air Magic
  4895 | D:5      | Reached skill level 6 in Spellcasting
  4895 | D:5      | Reached skill level 4 in Conjurations
  5036 | D:5      | You pick up a book of Cantrips and begin reading...
  5036 | D:5      | You add the spells Animate Skeleton, Summon Small Mammal
                  | and Apportation to your library.
  5039 | D:5      | Learned a level 1 spell: Apportation
  5588 | D:6      | Reached XP level 8. HP: 27/41 MP: 10/20
  5791 | D:6      | Found Qatuem's Book Emporium.
  5811 | D:6      | Reached skill level 5 in Conjurations
  5849 | D:6      | Reached skill level 7 in Air Magic
  6041 | D:6      | Noticed Maggie
  6194 | D:6      | Reached skill level 7 in Spellcasting
  6274 | D:6      | Reached skill level 1 in Armour
  6647 | D:6      | Noticed Dowan
  6648 | D:6      | Noticed Duvessa
  6680 | D:6      | Killed Dowan
  6681 | D:6      | Killed Duvessa
  6937 | D:7      | Noticed Prince Ribbit
  6993 | D:7      | Reached skill level 8 in Air Magic
  7030 | D:6      | HP: 8/41 [vampire mosquito (6)]
  7031 | D:6      | Slain by a vampire mosquito

Vanquished Creatures
  A steam dragon (D:6)
  2 water moccasins
  Duvessa (D:6)
  A necrophage (D:5)
  A centaur (D:7)
  A phantom (D:6)
  A scorpion (D:6)
  A water moccasin skeleton (D:5)
  Dowan (D:6)
  6 killer bees (D:4)
  3 wights (D:6)
  3 centaur zombies (D:5)
  A centaur skeleton (D:5)
  A hound (D:5)
  2 orc priests
  3 iguanas
  2 orc wizards (D:4)
  Robin (D:2)
  3 adders
  2 howler monkey skeletons
  A white imp (D:7)
  An ufetubus (D:5)
  4 worms
  2 dart slugs
  15 orcs
  4 ball pythons
  3 endoplasms
  A giant cockroach (D:2)
  7 goblins
  11 hobgoblins
  4 jackals (D:5)
  6 kobolds
  2 quokkas
  3 bats
  A frilled lizard (D:3)
  6 rats
108 creatures vanquished.

Vanquished Creatures (others)
  2 plants (D:1)
2 creatures vanquished.

Grand Total: 110 creatures vanquished

Table legend:
 A = Non-vault XP
 B = Vault XP
 C = Vault XP percentage of total XP
 D = Non-vault monster count
 E = Vault monster count
 F = Vault count percentage of total count
                 A         B        C        D         E       F
            +---------+---------+-------+---------+---------+-------
      Total |    2114 |     369 |  14.9 |      93 |      15 |  13.9
            +---------+---------+-------+---------+---------+-------
        D:1 |      15 |       0 |   0.0 |       8 |       0 |   0.0
        D:2 |      42 |      29 |  40.8 |      16 |       8 |  33.3
        D:3 |      86 |       0 |   0.0 |      22 |       0 |   0.0
        D:4 |     541 |       0 |   0.0 |      22 |       0 |   0.0
        D:5 |     523 |     136 |  20.6 |      14 |       5 |  26.3
        D:6 |     753 |     204 |  21.3 |       8 |       2 |  20.0
        D:7 |     154 |       0 |   0.0 |       3 |       0 |   0.0
            +---------+---------+-------+---------+---------+-------

Illustrated notes

Table legend:
 A = Kills in this place as a percentage of kills in entire the game.
 B = Kills by you in this place as a percentage of kills by you in the entire game.
 C = Kills by friends in this place as a percentage of kills by friends in the entire game.
 D = Other kills in this place as a percentage of other kills in the entire game.
 E = Experience gained in this place as a percentage of experience gained in the entire game.
 F = Experience gained in this place divided by the number of levels of this place that you have seen.
                   A       B       C       D       E      F
               +-------+-------+-------+-------+-------+----------------------
         Total | 100.0 | 100.0 |   N/A |   N/A | 100.0 | 354.7
       Dungeon | 100.0 | 100.0 |   N/A |   N/A | 100.0 | 354.7
               +-------+-------+-------+-------+-------+----------------------

Table legend: (Time is in decaauts)
 A = Elapsed time spent in this place.
 B = Non-inter-level travel time spent in this place.
 C = Inter-level travel time spent in this place.
 D = Time resting spent in this place.
 E = Time spent auto-exploring this place.
 F = Levels seen in this place.
 G = Mean time per level.
                   A        B        C        D        E       F      G
               +--------+--------+--------+--------+--------+-----+--------+
         Total |   7040 |   6723 |    317 |   1228 |   4576 |   7 | 1005.7 |
       Dungeon |   7040 |   6723 |    317 |   1228 |   4576 |   7 | 1005.7 |
               +--------+--------+--------+--------+--------+-----+--------+

Top non-repeatable levels by time:
     D:4: 1410 daAuts
     D:5: 1345 daAuts
     D:2: 1302 daAuts
     D:6: 1267 daAuts
     D:3: 934 daAuts
     D:1: 735 daAuts
     D:7: 45 daAuts
